 Dungeon Crawl Stone Soup version 0.31-a0-157-g0643eb4156 (webtiles) character file.

Game seed: 16104566369956994559

6804 qw the Skirmisher (level 11, 0/104 HPs)
             Began as a Naga Hunter on June 12, 2023.
             Was an Elder of Okawaru.
             Slain by a fire elemental (9 damage)
             ... summoned by a deep elf pyromancer
             ... on level 8 of the Dungeon.
             The game lasted 00:02:22 (7717 turns).

qw the Skirmisher (Naga Hunter)                     Turns: 7717, Time: 00:02:22

Health: 0/104      AC: 18    Str: 14    XL:     11   Next: 5%
Magic:  14/15      EV: 13    Int:  9    God:    Okawaru [****..]
Gold:   463        SH:  0    Dex: 19    Spells: 10/10 levels left

rFire   . . .        Y - +2 longbow (elec)
rCold   . . .        (shield currently unavailable)
rNeg    . . .        f - +0 steam dragon scales
rPois   +            g - +2 helmet
rElec   .            j - scarf {repulsion}
rCorr   .            (no gloves)
SInv    +            l - +2 barding
Will    ++...        (no amulet)
Stlth   ++++         e - ring of willpower
HPRegen 0.37/turn    (no ring)
MPRegen 0.14/turn

%: repel missiles
@: about to teleport, heroic, very slow
A: AC +3, large, see invisible, deformed body, poison resistance, slowness 2,
spit poison 1, naga tail 1
a: Spit Poison, Renounce Religion, Heroism, Finesse


You were on level 8 of the Dungeon.
You worshipped Okawaru.
Okawaru was greatly pleased with you.
You visited 1 branch of the dungeon, and saw 8 of its levels.

You collected 463 gold pieces.


Innate Abilities, Weirdness & Mutations

Your serpentine skin is tough. (AC +3)
You have supernaturally acute eyesight. (SInv)
Armour fits poorly on your strangely shaped body.
Your system is resistant to poisons. (rPois)
You cover ground very slowly.
You can spit poison.
You have a snake-like lower body.


   Skills:
 - Level 8.6(13.6) Fighting
 - Level 11.7(16.7) Ranged Weapons
 + Level 2.7(7.7) Armour
 - Level 4.0(9.0) Dodging
 - Level 1.5(6.5) Stealth
 + Level 5.4 Invocations


You had 10 spell levels left.
You didn't know any spells.
Your spell library was empty.

Inventory:

Hand Weapons
 Y - a +2 longbow of electrocution (weapon)
Armour
 f - +0 steam dragon scales (worn)
 g - a +2 helmet (worn)
 j - a scarf of repulsion (worn)
 l - a +2 barding (worn)
Jewellery
 e - a ring of willpower (left hand)
Wands
 d - a wand of digging (4)
Scrolls
 a - a scroll of identify
Potions
 b - a potion of mutation
 h - 7 potions of curing

Dungeon Overview and Level Annotations

Branches:
Dungeon (8/15)             Temple (0/1) D:6
   Lair: D:8-11

Altars:
Dithmenos
Elyvilon
Okawaru
Ru
Sif Muna
Uskayaw
Vehumet
Xom
Yredelemnul
Zin

Annotations:
D:3 3 runed translucent doors, qw's ghost, amateur GrFi
D:5 1 runed translucent door, Crazy Yiuf
D:8 3 runed translucent doors, qw's ghost, novice GrFi; qw's ghost, novice MiHu


Message History

Okawaru is honoured by your kill.
You can now speed up your combat.
The fire elemental hits you. The fire elemental burns you!
The deep elf pyromancer hits you with a +0 rapier.
The fire elemental closely misses you.
Your base Armour skill increases to level 2!
You have reached level 11!
You shoot an arrow. The arrow hits the fire elemental.
The fire elemental is moderately damaged.
The fire elemental hits you. The fire elemental burns you!
The fire elemental hits you. The fire elemental burns you!
The deep elf pyromancer casts a spell at you.
The bolt of fire misses you.
You shoot an arrow. The arrow hits the fire elemental.
The fire elemental is heavily damaged.
The fire elemental hits you. The fire elemental burns you!
The fire elemental misses you.
The deep elf pyromancer hits you but does no damage.
You shoot an arrow.
The arrow barely misses the fire elemental.
The arrow hits the steam dragon!!
The steam dragon is severely wounded.
The fire elemental barely misses you. x2
You shoot an arrow.
The arrow closely misses the fire elemental.
The arrow barely misses the steam dragon.
The fire elemental hits you. The fire elemental burns you!
The steam dragon breathes steam at you.
The ball of steam hits the fire elemental.
The fire elemental resists.
The ball of steam misses you. The deep elf pyromancer misses you.
The fire elemental hits you. The fire elemental burns you!
The fire elemental hits you. The fire elemental burns you!
7717 ||| READING scroll of teleportation.
As you read the scroll of teleportation, it crumbles to dust.
You feel strangely unstable.
You have got your breath back.
The fire elemental barely misses you.
The deep elf pyromancer hits you but does no damage.
The fire elemental hits you. The fire elemental burns you!
You die...

.)...).........#<#...######## #
######........##)##....##########
# #.####...#.).#..............
##.####..##¤)¤##....#########
##......!.#.¤...#.....#### #.
#..##....##...¤.##..#....####.
#.###....#...¤...#............
#.# #...##..e¤...##..#######.<
##.# #...#...E@....#...# ###
#..###..######E######..#
###.###...#<....D....<#..#
.........##...........##.#
..........#>.........>#..#
..........######+######:.#
###........# #...###
..#(.###...## ##.....# #
..#..##.....# #....#.## #


You could see a deep elf pyromancer, 2 fire elementals and a steam dragon
(catching breath).

Vanquished Creatures
  A centaur warrior (D:8)
  2 two-headed ogres
  An ugly thing (D:8)
  A manticore (D:8)
  Joseph (D:6)
  Prince Ribbit (D:8)
  Sigmund (D:3)
  2 wyverns (D:8)
  2 steam dragons (D:8)
  Grum (D:8)
  Edmund (D:5)
  3 water moccasins (D:7)
  An orc warrior (D:8)
  An ice beast (D:8)
  A sky beast (D:7)
  3 wolves (D:8)
  2 phantoms
  A kobold brigand (D:8)
  3 bullfrogs (D:7)
  A gnoll sergeant (D:8)
  4 scorpions
  7 wights
  A howler monkey (D:8)
  5 hounds
  5 orc priests
  2 jellies
  A gnoll bouda (D:6)
  5 iguanas
  2 orc wizards
  Terence (D:2)
  Robin (D:2)
  10 gnolls
  10 adders
  2 shadow imps
  A white imp (D:7)
  A worm (D:2)
  4 dart slugs
  19 orcs
  5 bats
  4 endoplasms
  3 giant cockroaches
  9 goblins
  9 hobgoblins
  2 jackals (D:4)
  A quokka (D:3)
  5 ball pythons
  2 frilled lizards
  14 kobolds
  4 rats
169 creatures vanquished.

Notes
Turn   | Place    | Note
-------+----------+-------------------------------------------
     0 | D:1      | qw the Naga Hunter began the quest for the Orb.
     0 | D:1      | Reached XP level 1. HP: 19/19 MP: 1/1
     0 | D:1      | 0 ||| qw: Version: 0.2-a-29-gc1b59c4
     0 | D:1      | 0 ||| qw: Game counter: 4139
     0 | D:1      | 0 ||| qw: Always use a shield: true
     0 | D:1      | 0 ||| qw: God list: Okawaru
     0 | D:1      | 0 ||| qw: Allow faded altars: false
     0 | D:1      | 0 ||| qw: Do Orc after D:15 true
     0 | D:1      | 0 ||| qw: Do second Lair branch before Depths: true
     0 | D:1      | 0 ||| qw: Lair rune preference: random
     0 | D:1      | 0 ||| qw: Plans: Normal
     0 | D:1      | 0 ||| PLANNING D:1-11
    69 | D:1      | 69 ||| INVOKING Spit Poison.
    71 | D:1      | 71 ||| INVOKING Spit Poison.
    72 | D:1      | 72 ||| INVOKING Spit Poison.
   210 | D:1      | 210 ||| INVOKING Spit Poison.
   286 | D:1      | Reached skill level 4 in Ranged Weapons
   286 | D:1      | Reached XP level 2. HP: 26/26 MP: 2/2
   306 | D:1      | 306 ||| INVOKING Spit Poison.
   312 | D:1      | 312 ||| INVOKING Spit Poison.
   399 | D:1      | 399 ||| INVOKING Spit Poison.
   434 | D:1      | 434 ||| INVOKING Spit Poison.
   584 | D:1      | Found a faded altar of an unknown god.
   692 | D:1      | 692 ||| INVOKING Spit Poison.
   704 | D:1      | 704 ||| INVOKING Spit Poison.
   705 | D:1      | Reached XP level 3. HP: 32/32 MP: 3/3
   888 | D:1      | 888 ||| UPGRADING to +0 helmet.
   893 | D:1      | 893 ||| READING 4 scrolls labelled VODETUTE FOGIO.
   894 | D:1      | 894 ||| READING scroll labelled ZYOBRI WETOE.
   894 | D:1      | Identified a scroll of acquirement
   894 | D:1      | 894 ||| ACQUIRING +2 longbow of draining
   894 | D:1      | Acquired a +2 longbow of draining
   896 | D:1      | 896 ||| SWAPPING to +2 longbow of draining.
   897 | D:1      | 897 ||| DROPPING +0 shortbow.
   898 | D:1      | 898 ||| READING scroll labelled VIDAYD HYMP.
   903 | D:1      | 903 ||| READING 3 scrolls of identify.
   903 | D:1      | 903 ||| IDENTIFYING bubbling purple potion
   904 | D:1      | 904 ||| DROPPING scroll of butterflies.
   951 | D:2      | 951 ||| INVOKING Spit Poison.
   963 | D:2      | 963 ||| INVOKING Spit Poison.
  1023 | D:2      | 1023 ||| INVOKING Spit Poison.
  1037 | D:2      | 1037 ||| INVOKING Spit Poison.
  1037 | D:2      | Noticed Robin
  1039 | D:2      | 1039 ||| Stepping ~*~*~tactically~*~*~ (outnumbered).
  1041 | D:2      | 1041 ||| INVOKING Spit Poison.
  1044 | D:2      | 1044 ||| INVOKING Spit Poison.
  1044 | D:2      | Killed Robin
  1045 | D:2      | HP: 6/32 [goblin/+0 dagger[Robin] (5)]
  1046 | D:2      | 1046 ||| DRINKING potion of heal wounds.
  1049 | D:2      | 1049 ||| INVOKING Spit Poison.
  1052 | D:2      | 1052 ||| INVOKING Spit Poison.
  1206 | D:2      | 1206 ||| INVOKING Spit Poison.
  1222 | D:2      | 1222 ||| INVOKING Spit Poison.
  1223 | D:2      | Reached skill level 5 in Ranged Weapons
  1223 | D:2      | Reached XP level 4. HP: 39/39 MP: 4/4
  1398 | D:2      | Noticed Terence
  1400 | D:2      | Killed Terence
  1451 | D:2      | 1451 ||| INVOKING Spit Poison.
  1467 | D:2      | 1467 ||| INVOKING Spit Poison.
  1568 | D:2      | 1568 ||| READING scroll labelled BAARHAUC HIOR.
  1569 | D:2      | 1569 ||| READING scroll labelled PENIODE IPRUECK.
  1570 | D:2      | 1570 ||| READING scroll labelled MAITYK WUNLEZIFAI.
  1571 | D:2      | 1571 ||| DRINKING 2 purple potions.
  1572 | D:2      | 1572 ||| DRINKING 2 fuming clear potions.
  1573 | D:2      | 1573 ||| DROPPING potion of brilliance.
  1609 | D:3      | 1609 ||| INVOKING Spit Poison.
  1691 | D:3      | Noticed a phantom
  1697 | D:3      | 1697 ||| INVOKING Spit Poison.
  1701 | D:3      | 1701 ||| INVOKING Spit Poison.
  1701 | D:3      | HP: 10/40 [phantom (3)]
  1702 | D:3      | 1702 ||| READING 2 scrolls of teleportation.
  1702 | D:3      | HP: 3/40 [phantom (7)]
  1703 | D:3      | 1703 ||| INVOKING Spit Poison.
  1704 | D:3      | Reached skill level 3 in Fighting
  1850 | D:3      | Found a basalt altar of Yredelemnul.
  1860 | D:3      | 1860 ||| INVOKING Spit Poison.
  1864 | D:3      | Reached XP level 5. HP: 49/49 MP: 5/5
  1865 | D:3      | 1865 ||| INVOKING Spit Poison.
  1906 | D:3      | 1906 ||| INVOKING Spit Poison.
  1972 | D:3      | Killed a phantom
  1973 | D:3      | Reached skill level 6 in Ranged Weapons
  2035 | D:3      | 2035 ||| INVOKING Spit Poison.
  2062 | D:3      | 2062 ||| INVOKING Spit Poison.
  2067 | D:3      | 2067 ||| INVOKING Spit Poison.
  2131 | D:3      | 2131 ||| INVOKING Spit Poison.
  2134 | D:3      | 2134 ||| INVOKING Spit Poison.
  2138 | D:3      | 2138 ||| INVOKING Spit Poison.
  2142 | D:3      | Reached XP level 6. HP: 36/56 MP: 6/6
  2233 | D:3      | 2233 ||| INVOKING Spit Poison.
  2250 | D:3      | 2250 ||| INVOKING Spit Poison.
  2256 | D:3      | 2256 ||| INVOKING Spit Poison.
  2257 | D:3      | 2257 ||| INVOKING Spit Poison.
  2308 | D:3      | Noticed a +0 dagger
  2309 | D:3      | Found a hide-covered altar of Uskayaw.
  2310 | D:3      | Noticed a +0 dagger
  2323 | D:3      | Noticed Sigmund
  2326 | D:3      | 2326 ||| INVOKING Spit Poison.
  2328 | D:3      | Killed Sigmund
  2374 | D:3      | 2374 ||| INVOKING Spit Poison.
  2471 | D:3      | Found a runed translucent gate.
  2471 | D:3      | Found a runed translucent gate.
  2472 | D:3      | Found a runed translucent gate.
  2473 | D:3      | Noticed qw's ghost (amateur GrFi)
  2596 | D:3      | 2596 ||| UPGRADING to scarf of repulsion.
  2601 | D:3      | 2601 ||| UPGRADING to ring of willpower.
  2602 | D:3      | 2602 ||| READING scroll labelled ETWONURPHUNN.
  2603 | D:3      | 2603 ||| READING 5 scrolls of identify.
  2603 | D:3      | 2603 ||| IDENTIFYING silvery potion
  2604 | D:3      | 2604 ||| READING 4 scrolls of identify.
  2604 | D:3      | 2604 ||| IDENTIFYING fuming coppery potion
  2605 | D:3      | 2605 ||| DROPPING potion of berserk rage.
  2606 | D:3      | 2606 ||| DROPPING potion of invisibility.
  2681 | D:4      | 2681 ||| INVOKING Spit Poison.
  2682 | D:4      | Reached XP level 7. HP: 66/66 MP: 7/7
  2698 | D:4      | Found a shimmering altar of Xom.
  2783 | D:4      | 2783 ||| INVOKING Spit Poison.
  2789 | D:4      | 2789 ||| INVOKING Spit Poison.
  2818 | D:4      | Found a radiant altar of Vehumet.
  2833 | D:4      | 2833 ||| INVOKING Spit Poison.
  2836 | D:4      | 2836 ||| INVOKING Spit Poison.
  2897 | D:4      | Found a white marble altar of Elyvilon.
  2912 | D:4      | 2912 ||| INVOKING Spit Poison.
  2974 | D:4      | 2974 ||| INVOKING Spit Poison.
  3002 | D:4      | 3002 ||| INVOKING Spit Poison.
  3202 | D:4      | Found a glowing silver altar of Zin.
  3202 | D:4      | Noticed an angel
  3205 | D:4      | 3205 ||| READING scroll labelled QAMOUN UXOS ROA.
  3206 | D:4      | 3206 ||| READING scroll labelled XUESUNG NANO.
  3308 | D:4      | 3308 ||| READING 5 scrolls of identify.
  3308 | D:4      | 3308 ||| IDENTIFYING dark potion
  3309 | D:4      | 3309 ||| READING 4 scrolls of identify.
  3309 | D:4      | 3309 ||| IDENTIFYING cyan potion
  3310 | D:4      | 3310 ||| DROPPING potion of lignification.
  3330 | D:5      | Entered Level 5 of the Dungeon
  3339 | D:5      | 3339 ||| INVOKING Spit Poison.
  3345 | D:5      | 3345 ||| INVOKING Spit Poison.
  3380 | D:5      | Reached skill level 7 in Ranged Weapons
  3437 | D:5      | 3437 ||| INVOKING Spit Poison.
  3612 | D:5      | Noticed Edmund
  3613 | D:5      | 3613 ||| INVOKING Spit Poison.
  3617 | D:5      | 3617 ||| INVOKING Spit Poison.
  3617 | D:5      | Killed Edmund
  3618 | D:5      | Reached XP level 8. HP: 59/73 MP: 8/8
  3733 | D:5      | 3733 ||| INVOKING Spit Poison.
  3850 | D:5      | Reached skill level 8 in Ranged Weapons
  3878 | D:5      | Found an iron altar of Okawaru.
  3879 | D:5      | 3879 ||| PLANNING OKAWARU WORSHIP
  3879 | D:5      | 3879 ||| READING scroll labelled KIVEIS ASIYNATZ.
  3880 | D:5      | 3880 ||| READING scroll labelled SUSUAN SIK.
  3881 | D:5      | 3881 ||| READING 3 scrolls of identify.
  3881 | D:5      | 3881 ||| IDENTIFYING sedimented blue potion
  3882 | D:5      | 3882 ||| READING 2 scrolls of identify.
  3882 | D:5      | 3882 ||| IDENTIFYING black potion
  3883 | D:5      | 3883 ||| DROPPING potion of degeneration.
  3884 | D:5      | 3884 ||| DROPPING potion of ambrosia.
  3890 | D:5      | Became a worshipper of Warmaster Okawaru
  3890 | D:5      | 3890 ||| PLANNING D:1-11
  3893 | D:5      | 3893 ||| INVOKING Spit Poison.
  3896 | D:5      | 3896 ||| INVOKING Spit Poison.
  3905 | D:5      | 3905 ||| INVOKING Spit Poison.
  3954 | D:5      | Found a runed translucent door.
  3955 | D:5      | Noticed Crazy Yiuf
  4021 | D:5      | 4021 ||| INVOKING Spit Poison.
  4114 | D:5      | 4114 ||| READING scroll labelled WIEDEPH NORO.
  4115 | D:5      | 4115 ||| READING scroll labelled OWUYPTANOO.
  4116 | D:5      | 4116 ||| DRINKING 2 white potions.
  4117 | D:5      | 4117 ||| DROPPING potion of attraction.
  4177 | D:6      | 4177 ||| INVOKING Spit Poison.
  4180 | D:6      | 4180 ||| INVOKING Spit Poison.
  4183 | D:6      | 4183 ||| INVOKING Spit Poison.
  4209 | D:6      | 4209 ||| INVOKING Spit Poison.
  4259 | D:6      | 4259 ||| INVOKING Spit Poison.
  4263 | D:6      | 4263 ||| INVOKING Spit Poison.
  4363 | D:6      | 4363 ||| INVOKING Spit Poison.
  4382 | D:6      | 4382 ||| INVOKING Spit Poison.
  4386 | D:6      | 4386 ||| INVOKING Spit Poison.
  4503 | D:6      | Found a staircase to the Ecumenical Temple.
  4514 | D:6      | 4514 ||| INVOKING Spit Poison.
  4517 | D:6      | 4517 ||| INVOKING Spit Poison.
  4523 | D:6      | 4523 ||| INVOKING Spit Poison.
  4528 | D:6      | 4528 ||| INVOKING Spit Poison.
  4586 | D:6      | Reached skill level 9 in Ranged Weapons
  4597 | D:6      | 4597 ||| INVOKING Spit Poison.
  4659 | D:6      | 4659 ||| READING scroll of enchant armour.
  4659 | D:6      | 4659 ||| ENCHANTING +0 helmet.
  4726 | D:6      | 4726 ||| INVOKING Spit Poison.
  4786 | D:6      | 4786 ||| INVOKING Spit Poison.
  4790 | D:6      | 4790 ||| INVOKING Spit Poison.
  4792 | D:6      | Reached skill level 1 in Armour
  4795 | D:6      | 4795 ||| INVOKING Spit Poison.
  4860 | D:6      | Found a shadowy altar of Dithmenos.
  5144 | D:7      | Noticed Joseph
  5145 | D:7      | 5145 ||| INVOKING Spit Poison.
  5147 | D:7      | 5147 ||| STAIRDANCE
  5149 | D:6      | 5149 ||| INVOKING Spit Poison.
  5152 | D:6      | Killed Joseph
  5152 | D:6      | Reached * piety under Okawaru
  5153 | D:6      | Reached skill level 6 in Fighting
  5153 | D:6      | Reached XP level 9. HP: 49/85 MP: 9/9
  5286 | D:7      | Reached skill level 1 in Invocations
  5298 | D:7      | 5298 ||| INVOKING Spit Poison.
  5301 | D:7      | 5301 ||| INVOKING Spit Poison.
  5304 | D:7      | 5304 ||| INVOKING Spit Poison.
  5325 | D:7      | 5325 ||| INVOKING Spit Poison.
  5544 | D:7      | Found a shimmering blue altar of Sif Muna.
  5577 | D:7      | 5577 ||| INVOKING Spit Poison.
  5579 | D:7      | Reached skill level 3 in Dodging
  5583 | D:7      | 5583 ||| INVOKING Heroism.
  5587 | D:7      | Reached skill level 3 in Invocations
  5763 | D:7      | Identified the +6 long sword "Fuoj" {pain, rF++ rC+}
  5791 | D:7      | 5791 ||| INVOKING Spit Poison.
  5803 | D:7      | Noticed a two-headed ogre
  5804 | D:7      | 5804 ||| INVOKING Heroism.
  5807 | D:7      | 5807 ||| INVOKING Spit Poison.
  5810 | D:7      | Killed a two-headed ogre
  5810 | D:7      | Reached ** piety under Okawaru
  6045 | D:7      | 6045 ||| INVOKING Spit Poison.
  6052 | D:7      | Reached skill level 10 in Ranged Weapons
  6056 | D:7      | 6056 ||| INVOKING Spit Poison.
  6158 | D:8      | 6158 ||| PLANNING OSSUARY
  6170 | D:8      | 6170 ||| INVOKING Heroism.
  6173 | D:8      | Reached XP level 10. HP: 94/94 MP: 10/13
  6213 | D:8      | 6213 ||| INVOKING Spit Poison.
  6217 | D:8      | Noticed Prince Ribbit
  6219 | D:8      | 6219 ||| INVOKING Spit Poison.
  6220 | D:8      | Killed Prince Ribbit
  6227 | D:8      | 6227 ||| INVOKING Heroism.
  6438 | D:8      | 6438 ||| INVOKING Spit Poison.
  6439 | D:8      | Noticed a two-headed ogre
  6439 | D:8      | 6439 ||| INVOKING Heroism.
  6445 | D:8      | 6445 ||| INVOKING Spit Poison.
  6451 | D:8      | Killed a two-headed ogre
  6451 | D:8      | Reached *** piety under Okawaru
  6452 | D:8      | Reached skill level 11 in Ranged Weapons
  6453 | D:8      | 6453 ||| INVOKING Spit Poison.
  6453 | D:8      | HP: 12/94 [something/ball of steam (20)]
  6454 | D:8      | 6454 ||| DRINKING potion of heal wounds.
  6455 | D:8      | 6455 ||| READING 2 scrolls of teleportation.
  6457 | D:8      | HP: 5/94 [steam dragon (8)]
  6459 | D:8      | 6459 ||| INVOKING Spit Poison.
  6718 | D:8      | 6718 ||| INVOKING Spit Poison.
  6751 | D:8      | 6751 ||| RIP OSSUARY
  6753 | D:8      | 6753 ||| PLANNING D:1-11
  6778 | D:8      | 6778 ||| READING scroll of enchant armour.
  6778 | D:8      | 6778 ||| ENCHANTING +1 helmet.
  6793 | D:8      | 6793 ||| INVOKING Spit Poison.
  6857 | D:8      | 6857 ||| INVOKING Heroism.
  6860 | D:8      | 6860 ||| Stepping ~*~*~tactically~*~*~ (outnumbered).
  6861 | D:8      | 6861 ||| INVOKING Spit Poison.
  6872 | D:8      | 6872 ||| INVOKING Spit Poison.
  6875 | D:8      | Noticed a manticore
  6879 | D:8      | 6879 ||| INVOKING Spit Poison.
  6881 | D:8      | Killed a manticore
  7018 | D:8      | Noticed a centaur warrior
  7019 | D:8      | 7019 ||| INVOKING Spit Poison.
  7022 | D:8      | 7022 ||| INVOKING Heroism.
  7023 | D:8      | 7023 ||| INVOKING Spit Poison.
  7027 | D:8      | 7027 ||| INVOKING Spit Poison.
  7028 | D:8      | Killed a centaur warrior
  7028 | D:8      | Reached **** piety under Okawaru
  7221 | D:8      | Found a sacrificial altar of Ru.
  7235 | D:8      | 7235 ||| INVOKING Spit Poison.
  7238 | D:8      | Noticed Grum
  7239 | D:8      | 7239 ||| INVOKING Heroism.
  7240 | D:8      | 7240 ||| INVOKING Spit Poison.
  7245 | D:8      | 7245 ||| INVOKING Spit Poison.
  7246 | D:8      | Killed Grum
  7252 | D:8      | 7252 ||| INVOKING Spit Poison.
  7256 | D:8      | 7256 ||| INVOKING Spit Poison.
  7397 | D:8      | Found a runed translucent gate.
  7397 | D:8      | Found a runed translucent gate.
  7398 | D:8      | Found a runed translucent gate.
  7401 | D:8      | Noticed qw's ghost (novice MiHu)
  7401 | D:8      | Noticed qw's ghost (novice MiHu)
  7402 | D:8      | Noticed qw's ghost (novice GrFi)
  7504 | D:8      | 7504 ||| UPGRADING to +0 steam dragon scales.
  7514 | D:8      | 7514 ||| DROPPING +0 leather armour.
  7515 | D:8      | 7515 ||| UPGRADING to +2 barding.
  7520 | D:8      | 7520 ||| READING 2 scrolls of identify.
  7520 | D:8      | 7520 ||| IDENTIFYING clear potion
  7521 | D:8      | 7521 ||| DROPPING potion of enlightenment.
  7663 | D:8      | 7663 ||| INVOKING Spit Poison.
  7668 | D:8      | 7668 ||| INVOKING Spit Poison.
  7701 | D:8      | Noticed a cyan ugly thing
  7701 | D:8      | Noticed a deep elf pyromancer
  7702 | D:8      | 7702 ||| INVOKING Heroism.
  7703 | D:8      | 7703 ||| Stepping ~*~*~tactically~*~*~ (outnumbered).
  7704 | D:8      | 7704 ||| INVOKING Spit Poison.
  7711 | D:8      | 7711 ||| INVOKING Spit Poison.
  7712 | D:8      | Killed a cyan ugly thing
  7713 | D:8      | Reached XP level 11. HP: 57/104 MP: 13/15
  7716 | D:8      | HP: 20/104 [fire elemental[a deep elf pyromancer] (12)]
  7716 | D:8      | HP: 9/104 [fire elemental[a deep elf pyromancer] (11)]
  7717 | D:8      | 7717 ||| READING scroll of teleportation.
  7717 | D:8      | Slain by a fire elemental

Levels and vault maps discovered:
D:1:      psy_arrival_radial02, layout_basic,
          shapermc_ecumenical_altar_flowoftime, chequers_mini_garden
D:2:      layout_loops_cross, uniq_terence, uniq_robin
D:3:      layout_loops_ring, mainiacjoe_overflow_small_starburst,
          dancing_weapons_uskayaw, gammafunk_ghost_necromancy, minmay_ruptured,
          uniq_sigmund
D:4:      layout_basic, nicolae_elyvilon_peaceful_grove, zin_angel,
          old_standard_altar, nicolae_overflow_crystal_walls
D:5:      layout_basic, okawaru_trees_1, minmay_misc_feat_five,
          serial_bayou_crossing, uniq_edmund, uniq_crazy_yiuf_cottage
D:6:      layout_basic, nicolae_dithmenos_through_a_glass_darkly,
          minmay_temple_entry_large_hall
D:7:      layout_cave_pods, nicolae_sif_muna_condensation, uniq_joseph
D:8:      minmay_diamond_stairs, layout_rooms, nicolae_ru_sacrificial_ziggurat,
          gammafunk_ghost_cemetery, nicolae_ossuary_entry_ruins, minivault_1,
          uniq_grum, uniq_prince_ribbit1

Skill      XL: |  1  2  3  4  5  6  7  8  9 10 |
---------------+-------------------------------+-----
Ranged Weapons | 4 5 6 7 9 10 11 | 11.7
Fighting       | 3 4 6 7 8 |  8.6
Dodging        | 2 3 4 |  4.0
Armour         | 1 2 |  2.7
Invocations    | 5 |  5.4
Stealth        | |  1.5

Action                     |  1- 3 |  4- 6 |  7- 9 | 10-12 || total
---------------------------+-------+-------+-------+-------++-------
   Fire: Shortbow          |    23 |       |       |       ||    23
         Longbow           |    18 |    63 |   137 |   101 ||   319
 Invoke: Heroism           |       |       |     3 |     6 ||     9
Ability: Spit Poison       |    18 |    20 |    46 |    23 ||   107
    Use: Scroll            |     4 |     7 |    11 |     4 ||    26
         Potion            |     1 |     2 |     1 |     1 ||     5
 Armour: Leather armour    |     5 |    12 |    12 |    20 ||    49
         Steam dragon scal |       |       |       |    18 ||    18
  Dodge: Dodged            |    11 |    15 |    34 |    64 ||   124

Table legend:
 A = Non-vault XP
 B = Vault XP
 C = Vault XP percentage of total XP
 D = Non-vault monster count
 E = Vault monster count
 F = Vault count percentage of total count
                 A         B        C        D         E       F
            +---------+---------+-------+---------+---------+-------
      Total |    6128 |    3592 |  37.0 |     146 |      23 |  13.6
            +---------+---------+-------+---------+---------+-------
        D:1 |      35 |       0 |   0.0 |      14 |       0 |   0.0
        D:2 |      47 |      59 |  55.7 |      12 |       8 |  40.0
        D:3 |     210 |     261 |  55.4 |      20 |       5 |  20.0
        D:4 |     298 |       0 |   0.0 |      18 |       0 |   0.0
        D:5 |     437 |     166 |  27.5 |      17 |       1 |   5.6
        D:6 |     482 |     466 |  49.2 |      19 |       1 |   5.0
        D:7 |    2034 |       0 |   0.0 |      15 |       0 |   0.0
        D:8 |    2585 |    2640 |  50.5 |      31 |       8 |  20.5
            +---------+---------+-------+---------+---------+-------
